 Dungeon Sprint DCSS version 0.20-a0-833-gc632bec (webtiles) character file.

9070 Kidiri the Eclecticist (level 11, -1/68 HPs)
             Began as a Deep Elf Fire Elementalist on Mar 7, 2017.
             Was the Champion of Vehumet.
             Slain by Rupert
             ... wielding a +1 great mace of holy wrath
              (42 damage)
             ... in the Dungeon (Sprint III: "The Ten Rune Challenge").
             The game lasted 00:15:51 (3685 turns).

Kidiri the Eclecticist (Deep Elf Fire Elementalist) Turns: 3685, Time: 00:15:52

Health: -1/68      AC:  4    Str:  3    XL:     11   Next: 18%
Magic:  30/33      EV: 21    Int: 24    God:    Vehumet [******]
Gold:   45         SH:  0    Dex: 17    Spells: 0/43 levels left

rFire    . . .     SeeInvis .   s - +0 dagger
rCold    . . .     Gourm    .   a - +0 robe
rNeg     . . .     Faith    .   (no shield)
rPois    +         Spirit   .   (no helmet)
rElec    .         Reflect  .   (no cloak)
rCorr    .         Harm     .   (no gloves)
MR       +....     NoTele   +   (no boots)
Stlth    +.........             (no amulet)
Regen    0.3/turn               (no ring)
MPRegen  0.3/turn               (no ring)

@: very slow
A: icy blue scales 1, agile 1, poison resistance, weak 1
a: Renounce Religion


You were in the Dungeon.
You worshipped Vehumet.
Vehumet was exalted by your worship.
You were not hungry.

You visited 1 branch You collected 45 gold pieces.

Inventory:

Hand Weapons
 s - a +0 dagger (weapon)
Armour
 a - a +0 robe (worn)
Wands
 o - a wand of acid (5/15)
Scrolls
 i - a scroll of blinking
 k - a scroll of holy word
 m - a scroll of remove curse
Potions
 d - a potion of curing
 e - 3 potions of heal wounds
 f - a potion of haste
 g - 2 potions of magic
 h - a potion of berserk rage
 l - a potion of brilliance {unknown}
 r - 2 potions of agility
Books
 b - a book of Flames

   Spells                             Type                      Level
   a - Flame Tongue                   Conjuration/Fire             1
   b - Throw Flame                    Conjuration/Fire             2
   c - Conjure Flame                  Conjuration/Fire             3
   d - Inner Flame                    Hexes/Fire                   3
   e - Sticky Flame                   Conjuration/Fire             4
   f - Fireball                       Conjuration/Fire             5
Comestibles
 c - a bread ration
 j - 29 royal jellies
 n - 4 chunks of flesh
 q - a meat ration


   Skills:
 + Level 8.1 Fighting
 + Level 7.8 Short Blades
 + Level 8.1 Armour
 + Level 11.6 Dodging
 - Level 2.4 Stealth
 * Level 16.7 Spellcasting
 + Level 10.2 Conjurations
 + Level 10.9 Fire Magic
 + Level 7.9 Ice Magic
 + Level 6.0 Earth Magic


You couldn't memorise any spells.
You knew the following spells:

 Your Spells              Type           Power        Failure   Level  Hunger
a - Flame Tongue          Conj/Fire      #####        1%          1    None
b - Throw Flame           Conj/Fire      ######       1%          2    None
c - Conjure Flame         Conj/Fire      ######..     1%          3    None
d - Inner Flame           Hex/Fire       #####...     1%          3    None
e - Sticky Flame          Conj/Fire      ######..     1%          4    None
f - Fireball              Conj/Fire      ######....   1%          5    None
g - Bolt of Magma         Conj/Fire/Erth ######....   1%          5    None
h - Bolt of Fire          Conj/Fire      ######....   2%          6    ####...
i - Freeze                Ice            ####         1%          1    None
j - Throw Frost           Conj/Ice       ######       1%          2    None
k - Lightning Bolt        Conj/Air       #####.....   3%          5    None
l - Freezing Cloud        Conj/Ice/Air   #####.....   11%         6    ####...


Dungeon Overview and Level Annotations

Branches:
Dungeon (1/1)

Altars:
Cheibriados
Dithmenos
Elyvilon
Fedhas
Gozag
Hepliaklqana
Kikubaaqudgha
Makhleb
Nemelex Xobeh
Okawaru
Qazlal
Ru
Sif Muna
Trog
Uskayaw
Vehumet
Wu Jian
Xom
Yredelemnul
Zin
The Shining One
Beogh
Jiyva
Lugonu

Annotations:
D exclusion: 3 doors, Rupert


Innate Abilities, Weirdness & Mutations

You are partially covered in icy blue scales. (AC +2)
You are agile. (Dex +2)
Your system is resistant to poisons. (rPois)
You are weak. (Str -2)


Message History

You enter the shallow water.
Moving in this stuff is going to be slow.
Rupert is engulfed in freezing vapours.
Rupert yells loudly at you.
You suddenly lose the ability to move!
Rupert is engulfed in freezing vapours.
Rupert yells loudly at you.
You are confused.
Rupert yells loudly at you.
You shrug off the repeated paralysis!
Rupert roars madly and goes into a rage!
Rupert goes berserk!
Rupert splashes around in the water.
Rupert hits you with a great mace of holy wrath!!
You can move again.
You're too confused!
Unknown command.
You feel better. Rupert completely misses you.
Rupert hits you with a great mace of holy wrath!!!
Ouch! That really hurt!
You die...

▓#.....##..###....#.⌠.#__#...
###..##...##.....#...#__#...
##..##....#......#+###__#..)
#..###..##.#.....#):)#__#...
#..# #..#####....#___#__+...
▓▓▓▓▓▓▓▓▓▓▓▓▓▓▓▓▓▓▓▓▓▓▓▓▓▓▓▓
+≈≈§§≈§§≈≈♣♣.....♣♣♣♣≈≈≈
#≈≈§§§§÷≈≈♣♣.≈≈≈≈'♣♣'♣≈≈
#.≈§§§§@≈≈≈'.....#.≈♣♣♣♣
#≈≈§§§@.≈≈♣♣♣♣♣♣♣#..♣♣
#≈≈§§≈≈§≈≈♣ ###'♣♣♣
####§###### ♣♣♣♣.##(
.........@..... ♣...##.#
#+############# ♣♣♣♣.##.##
♣.....#.## ♣♣♣.♣.##.#
♣.♣..##.#


You could see Rupert (berserk).

Vanquished Creatures
  Erolcha (D)
  Urug (D)
  A lindwurm (D)
  A deep elf mage (D)
  2 spiny frogs (D)
  A komodo dragon (D)
  A rime drake (D)
  A queen bee (D)
  2 tyrant leeches (D)
  5 blink frogs (D)
  5 redbacks (D)
  A shadow (D)
  A spatial vortex (D)
  A swamp drake (D)
  A necrophage (D)
  5 two-headed ogres (D)
  3 wandering mushrooms (D)
  A water elemental (D)
  32 killer bees (D)
  A jelly (D)
  A wizard (D)
  Jessica (D)
  A necromancer (D)
  3 humans (D)
  A kobold demonologist (D)
  A wolf (D)
  An ooze (D)
  2 rats (D)
78 creatures vanquished.

Vanquished Creatures (others)
  2 draconian scorchers (D)
  6 hellions (D)
  2 yaktaurs (D)
  7 plants (D)
17 creatures vanquished.

Grand Total: 95 creatures vanquished

Notes
Turn   | Place    | Note
-------+----------+-------------------------------------------
     0 | D        | Kidiri the Deep Elf Fire Elementalist began the quest for the Orb.
     0 | D        | Reached XP level 1. HP: 10/10 MP: 6/6
    63 | D        | Reached skill level 1 in Armour
    77 | D        | Noticed Jessica
    83 | D        | Killed Jessica
    83 | D        | Reached skill level 1 in Fighting
    83 | D        | Reached skill level 5 in Spellcasting
    83 | D        | Reached XP level 2. HP: 17/17 MP: 7/10
    83 | D        | Reached XP level 3. HP: 21/21 MP: 7/11
    87 | D        | Learned a level 2 spell: Throw Flame
    90 | D        | Killed a hellion
    91 | D        | Learned a level 3 spell: Conjure Flame
    95 | D        | Learned a level 3 spell: Inner Flame
   111 | D        | Killed a hellion
   112 | D        | Killed a hellion
   113 | D        | Killed a hellion
   114 | D        | Killed a hellion
   154 | D        | Killed a white draconian scorcher
   167 | D        | Killed a white draconian scorcher
   256 | D        | Killed a yaktaur
   314 | D        | Killed a hellion
   393 | D        | Reached skill level 6 in Spellcasting
   418 | D        | Gained mutation: Your body sometimes deteriorates upon taking damage. [potion of mutation]
   418 | D        | Gained mutation: Your flesh is heat resistant. (rF+) [potion of mutation]
   419 | D        | Lost mutation: Your flesh is heat resistant. (rF+) [potion of mutation]
   419 | D        | Lost mutation: Your body sometimes deteriorates upon taking damage. [potion of mutation]
   419 | D        | Gained mutation: You are resistant to hostile enchantments. (MR+) [potion of mutation]
   419 | D        | Gained mutation: You have an increased reservoir of magic. (+10% MP) [potion of mutation]
   419 | D        | Gained mutation: Your flesh is cold resistant. (rC+) [potion of mutation]
   420 | D        | Lost mutation: You have an increased reservoir of magic. (+10% MP) [potion of mutation]
   420 | D        | Lost mutation: You are resistant to hostile enchantments. (MR+) [potion of mutation]
   420 | D        | Lost mutation: Your flesh is cold resistant. (rC+) [potion of mutation]
   420 | D        | Gained mutation: You are clumsy. (Dex -2) [potion of mutation]
   420 | D        | Gained mutation: You have sharp toenails. [potion of mutation]
   421 | D        | Lost mutation: You are clumsy. (Dex -2) [potion of mutation]
   421 | D        | Lost mutation: You have sharp toenails. [potion of mutation]
   421 | D        | Gained mutation: Your movements are slightly less encumbered by armour. (ER -2) [potion of mutation]
   421 | D        | Gained mutation: You are frail. (-10% HP) [potion of mutation]
   421 | D        | Gained mutation: Your mind is acute. (Int +2) [potion of mutation]
   422 | D        | Lost mutation: You are frail. (-10% HP) [potion of mutation]
   422 | D        | Lost mutation: Your mind is acute. (Int +2) [potion of mutation]
   422 | D        | Lost mutation: Your movements are slightly less encumbered by armour. (ER -2) [potion of mutation]
   422 | D        | Gained mutation: You are agile. (Dex +2) [potion of mutation]
   422 | D        | Gained mutation: You are weak. (Str -2) [potion of mutation]
   422 | D        | Gained mutation: You are partially covered in icy blue scales. (AC +2) [potion of mutation]
   422 | D        | Gained mutation: Your system is resistant to poisons. (rPois) [potion of mutation]
   456 | D        | Noticed a water elemental
   459 | D        | Killed a water elemental
   459 | D        | Reached skill level 7 in Spellcasting
   459 | D        | Reached skill level 5 in Fire Magic
   459 | D        | Reached XP level 4. HP: 27/27 MP: 9/15
   511 | D        | Learned a level 4 spell: Sticky Flame
   511 | D        | Found a radiant altar of Vehumet.
   512 | D        | Found a deep blue altar of Sif Muna.
   512 | D        | Found an ancient bone altar of Kikubaaqudgha.
   512 | D        | Noticed a wizard
   515 | D        | Noticed a smoke demon
   515 | D        | Killed a wizard
   515 | D        | Reached skill level 5 in Dodging
   515 | D        | Reached XP level 5. HP: 32/32 MP: 11/17
   526 | D        | Became a worshipper of Vehumet
   533 | D        | Learned a level 5 spell: Fireball
   581 | D        | Found a glowing silver altar of Zin.
   582 | D        | Found a glowing golden altar of the Shining One.
   582 | D        | Found a white marble altar of Elyvilon.
   582 | D        | Noticed a deep elf mage
   702 | D        | Killed a deep elf mage
   702 | D        | Reached skill level 10 in Spellcasting
   702 | D        | Reached XP level 6. HP: 20/39 MP: 5/21
   702 | D        | Reached XP level 7. HP: 23/44 MP: 5/23
   850 | D        | Found a hide-covered altar of Uskayaw.
   850 | D        | Found a roughly hewn altar of Beogh.
   850 | D        | Found an iron altar of Okawaru.
   850 | D        | Found a bloodstained altar of Trog.
   850 | D        | Found an ornate altar of the Wu Jian Council.
   850 | D        | Noticed a human
   854 | D        | Noticed a human
   858 | D        | Killed a human
   858 | D        | Reached skill level 1 in Short Blades
   858 | D        | Reached skill level 11 in Spellcasting
   862 | D        | Killed a human
   862 | D        | Reached * piety under Vehumet
   862 | D        | Offered knowledge of Freeze by Vehumet.
   862 | D        | Reached skill level 5 in Fighting
   862 | D        | Reached skill level 5 in Armour
   865 | D        | Learned a level 1 spell: Freeze
  1006 | D        | Found a basalt altar of Yredelemnul.
  1006 | D        | Found a shadowy altar of Dithmenos.
  1006 | D        | Found a sacrificial altar of Ru.
  1180 | D        | Reached ** piety under Vehumet
  1180 | D        | Offered knowledge of Throw Frost by Vehumet.
  1180 | D        | Reached skill level 1 in Ice Magic
  1184 | D        | Learned a level 2 spell: Throw Frost
  1185 | D        | Noticed a shadow
  1191 | D        | Killed a shadow
  1191 | D        | Reached skill level 12 in Spellcasting
  1191 | D        | Reached XP level 8. HP: 49/49 MP: 16/26
  1245 | D        | Found a blossoming altar of Fedhas.
  1245 | D        | Found a stormy altar of Qazlal.
  1246 | D        | Found a snail-covered altar of Cheibriados.
  1246 | D        | Found a burning altar of Makhleb.
  1246 | D        | Found a hazy altar of Hepliaklqana.
  1246 | D        | Found a shimmering altar of Xom.
  1246 | D        | Found an opulent altar of Gozag.
  1246 | D        | Found a sparkling altar of Nemelex Xobeh.
  1246 | D        | Found a corrupted altar of Lugonu.
  1246 | D        | Found a viscous altar of Jiyva.
  1353 | D        | Offered knowledge of Dazzling Spray by Vehumet.
  1354 | D        | Reached *** piety under Vehumet
  1495 | D        | Noticed a two-headed ogre
  1506 | D        | Killed a two-headed ogre
  1506 | D        | Offered knowledge of Iskenderun's Mystic Blast by Vehumet.
  1506 | D        | Reached skill level 13 in Spellcasting
  1664 | D        | Noticed a two-headed ogre
  1664 | D        | Noticed Erolcha
  1677 | D        | Killed Erolcha
  1677 | D        | Reached skill level 5 in Short Blades
  1677 | D        | Reached XP level 9. HP: 33/55 MP: 8/28
  1684 | D        | Killed a two-headed ogre
  1684 | D        | Reached **** piety under Vehumet
  1684 | D        | Reached skill level 14 in Spellcasting
  1817 | D        | Offered knowledge of Bolt of Magma by Vehumet.
  1817 | D        | Reached skill level 5 in Ice Magic
  1828 | D        | Learned a level 5 spell: Bolt of Magma
  1920 | D        | Reached skill level 10 in Dodging
  1921 | D        | Reached ***** piety under Vehumet
  1921 | D        | Offered knowledge of Bolt of Fire by Vehumet.
  1931 | D        | Reached skill level 1 in Earth Magic
  1956 | D        | Learned a level 6 spell: Bolt of Fire
  2346 | D        | Noticed a queen bee
  2349 | D        | Offered knowledge of Conjure Ball Lightning by Vehumet.
  2349 | D        | Reached XP level 10. HP: 62/62 MP: 9/30
  2356 | D        | Reached ****** piety under Vehumet
  2496 | D        | Reached skill level 15 in Spellcasting
  2540 | D        | Offered knowledge of Ozocubu's Refrigeration by Vehumet.
  2887 | D        | Reached skill level 10 in Fire Magic
  3052 | D        | Noticed a spiny frog
  3052 | D        | Noticed a spiny frog
  3054 | D        | Killed a spiny frog
  3055 | D        | Killed a spiny frog
  3201 | D        | Offered knowledge of Lightning Bolt by Vehumet.
  3208 | D        | Learned a level 5 spell: Lightning Bolt
  3289 | D        | Noticed a lindwurm
  3293 | D        | Killed a lindwurm
  3293 | D        | Reached skill level 16 in Spellcasting
  3293 | D        | Reached skill level 5 in Earth Magic
  3402 | D        | Noticed Urug
  3488 | D        | Killed Urug
  3488 | D        | Reached skill level 10 in Conjurations
  3488 | D        | Reached XP level 11. HP: 50/67 MP: 14/33
  3624 | D        | Offered knowledge of Freezing Cloud by Vehumet.
  3652 | D        | Learned a level 6 spell: Freezing Cloud
  3675 | D        | Noticed Rupert
  3678 | D        | Paralysed by Rupert for 6 turns
  3685 | D        | Slain by Rupert

Vault maps used:
D:        dungeon_sprint_mu

Skill      XL: |  1  2  3  4  5  6  7  8  9 10 11 |
---------------+----------------------------------+-----
Armour         | 1 2 4 5 6 7 8 |  8.1
Fighting       | 1 2 3 4 5 6 7 8 |  8.1
Dodging        | 3 4 5 7 8 9 10 11 | 11.6
Spellcasting   | 5 7 10 12 13 14 16 | 16.7
Conjurations   | 2 3 4 6 7 8 10 | 10.2
Fire Magic     | 4 5 7 9 10 | 10.9
Short Blades   | 3 5 6 7 |  7.8
Ice Magic      | 1 4 5 7 |  7.9
Earth Magic    | 2 5 6 |  6.0
Stealth        | |  2.4

Action                   |  1- 3 |  4- 6 |  7- 9 | 10-12 || total
-------------------------+-------+-------+-------+-------++-------
Melee: Unarmed           |       |     1 |       |       ||     1
       Dagger            |       |       |     4 |    11 ||    15
 Cast: Flame Tongue      |    19 |     8 |    96 |    10 ||   133
       Conjure Flame     |     1 |       |    11 |     3 ||    15
       Throw Flame       |     1 |       |     3 |       ||     4
       Sticky Flame      |       |     2 |    13 |     5 ||    20
       Inner Flame       |       |       |     6 |     2 ||     8
       Fireball          |       |       |     1 |     3 ||     4
       Bolt of Magma     |       |       |     6 |     4 ||    10
       Bolt of Fire      |       |       |     5 |    18 ||    23
       Lightning Bolt    |       |       |       |     6 ||     6
       Freezing Cloud    |       |       |       |     1 ||     1
  Use: Potion            |     5 |       |       |     1 ||     6
       Scroll            |     3 |       |     2 |       ||     5
 Stab: Sleeping          |       |     1 |       |     1 ||     2
  Eat: Chunk             |       |       |     3 |     3 ||     6
       Fruit             |       |       |     4 |       ||     4
       Royal jelly       |       |       |       |     2 ||     2
Armor: Robe              |       |     3 |     2 |       ||     5
Dodge: Dodged            |     6 |     8 |    53 |    37 ||   104
